 Dungeon Crawl Stone Soup version 0.28.0-53-g5a82cb258f (webtiles) character file.

Game seed: 16151351963486417799

865 pesado the Cudgeller (level 7, 0/61 HPs)
             Began as a Deep Dwarf Fighter on June 3, 2022.
             Slain by an orc warrior
             ... wielding a +0 halberd
              (14 damage)
             ... in a bailey.
             The game lasted 00:05:05 (2973 turns).

pesado the Cudgeller (Deep Dwarf Fighter)           Turns: 2973, Time: 00:05:06

Health: 0/61       AC: 12    Str: 22    XL:     7   Next: 72%
Magic:  6/6        EV:  8    Int:  8    God:
Gold:   145        SH:  6    Dex: 18    Spells: 6/6 levels left

rFire   . . .      SeeInvis +   a - +1 flail
rCold   . . .      Faith    .   c - +0 buckler
rNeg    . . .      Spirit   .   q - +0 chain mail
rPois   .          Reflect  .   d - +0 helmet
rElec   .          Harm     .   (no cloak)
rCorr   .          Rampage  .   m - +0 pair of gloves
Will    +....                   (no boots)
Stlth   ..........              (no amulet)
HPRegen 0.00/turn               j - +6 ring of dexterity
MPRegen 0.10/turn               g - ring of see invisible

@: no status effects
A: damage resistance, heal wounds, sense surroundings 1, no regeneration
a: Heal Wounds


You were in a bailey.
You visited 1 branch of the dungeon, and saw 5 of its levels.
You also visited: Bailey.

You collected 145 gold pieces.

Inventory:

Hand Weapons
 a - a +1 flail (weapon)
 l - a +2 antimagic whip
Armour
 c - a +0 buckler (worn)
 d - a +0 helmet (worn)
 m - a +0 pair of gloves (worn)
 q - a +0 chain mail (worn)
Jewellery
 g - a ring of see invisible (right hand)
 j - a +6 ring of dexterity (left hand)
Wands
 k - a wand of mindburst (15)
 o - a wand of polymorph (5)
 p - a wand of flame (20)
Scrolls
 b - a scroll of identify
 e - 2 scrolls of immolation
 f - 2 scrolls of blinking
Potions
 h - a potion of curing
 i - a potion of attraction
 n - 2 potions of degeneration {unknown}


   Skills:
 - Level 2.6 Fighting
 + Level 7.2 Maces & Flails
 + Level 5.5 Armour
 + Level 1.8 Dodging
 + Level 4.6 Shields


You had 6 spell levels left.
You didn't know any spells.
Your spell library contained the following spells:

 Spells                   Type           Power      Damage    Failure   Level
 Frozen Ramparts          Ice            0%         1d2       100%        3
 Ozocubu's Armour         Ice            0%         N/A       100%        3
 Ice Form                 Ice/Tmut       0%         N/A       100%        4
 Leda's Liquefaction      Hex/Erth       0%         N/A       100%        4
 Summon Ice Beast         Ice/Summ       0%         N/A       100%        4
 Lee's Rapid Deconstruct  Erth           0%         3d5*      100%        5
 Statue Form              Tmut/Erth      0%         N/A       100%        6
 Ozocubu's Refrigeration  Ice            0%         4d5       100%        7


Dungeon Overview and Level Annotations

Branches:
Dungeon (7/15)             Bailey (1/1)
 Temple: D:4-7

Altars:


Innate Abilities, Weirdness & Mutations

You are resistant to damage.
You can heal yourself by infusing magical energy.
You passively map a small area around you.
You do not regenerate.


Message History

You block the orc's attack.
You sock the orc warrior!
The orc warrior is moderately wounded.
The orc warrior hits you from afar with a +0 halberd.
The orc warrior closely misses you. The orc warrior barely misses you.
The orc hits you but does no damage.
You sock the orc warrior!
The orc warrior is severely wounded.
The orc warrior barely misses you.
The orc warrior hits you from afar with a +0 halberd.
The orc warrior hits you with a +0 halberd!
The orc warrior hits you with a +0 glaive!
* * * LOW HITPOINT WARNING * * *
An orc comes into view. It is wielding a +0 spear.
The orc closely misses you. The orc warrior barely misses you.
Okay, then.
You fail to use your ability.
The orc shouts!
The orc warrior barely misses you. x2; You block the orc warrior's attack.
You feel much better. The orc warrior barely misses you.
You block the orc warrior's attack. The orc barely misses you.
You block the orc warrior's attack.
You hit the orc but do no damage. You block the orc warrior's attack.
The orc warrior hits you with a +0 halberd!
The orc warrior barely misses you. The orc closely misses you.
The orc warrior closely misses you.
The orc warrior hits you but does no damage.
The orc warrior hits you with a +0 halberd!
You hit the orc warrior.
The orc warrior is severely wounded.
The orc warrior barely misses you. You block the orc warrior's attack.
The orc warrior barely misses you. You block the orc warrior's attack.
You barely miss the orc warrior.
The orc warrior is severely wounded.
The orc warrior hits you with a +0 glaive!
* * * LOW HITPOINT WARNING * * *
The orc barely misses you.
The orc warrior hits you but does no damage.
The orc warrior hits you from afar with a +0 halberd!
You die...

#...≈≈≈≈≈♣ ###
##.♣..≈≈≈≈♣..#$.#### *
###.....≈≈≈≈...#.....,
,
♣....♣..≈≈≈≈.♣.##...,
........≈≈≈≈....#..#*
* *
.......######...#o8#
,,
∩.........).....#oo# ,
................o..#,,
, ...............o@o.#
* ∩...............#..#
, , *
.......######...#.8#
,,
.....♣..≈≈≈≈....#..#
♣...♣♣..≈≈≈≈...##... ,
###.....≈≈≈≈...#.....
# # .≈≈≈≈≈..#$.####* *
..≈≈≈≈..#*##
..≈≈≈≈≈..*


You could see 4 orc warriors and 2 orcs.

Vanquished Creatures
  A steam dragon (D:7)
  A centaur (D:7)
  A bullfrog (D:7)
  A gnoll sergeant (D:7)
  2 howler monkeys (D:7)
  A centaur zombie (D:7)
  A jelly (D:7)
  A bullfrog skeleton (D:7)
  A hound (D:7)
  2 iguanas
  An orc wizard (D:3)
  Robin (D:2)
  A howler monkey skeleton (D:7)
  5 gnolls (D:7)
  7 adders
  A white imp (D:7)
  3 worms
  2 dart slugs (D:3)
  10 orcs
  5 bats
  5 endoplasms
  4 giant cockroaches
  13 goblins
  8 hobgoblins
  5 quokkas
  6 ball pythons
  8 frilled lizards
  11 kobolds
  2 rats
110 creatures vanquished.

Notes
Turn   | Place    | Note
-------+----------+-------------------------------------------
     0 | D:1      | pesado the Deep Dwarf Fighter began the quest for the Orb.
     0 | D:1      | Reached XP level 1. HP: 20/20 MP: 1/1
   237 | D:1      | Reached XP level 2. HP: 20/27 MP: 2/2
   463 | D:1      | Found a faded altar of an unknown god.
   680 | D:2      | Noticed Robin
   701 | D:2      | Reached skill level 3 in Maces & Flails
   708 | D:2      | HP: 1/26 [Robin/+2 trident of freezing (1)]
   721 | D:2      | Killed Robin
   722 | D:2      | Reached XP level 3. HP: 21/33 MP: 2/2
  1168 | D:2      | Reached XP level 4. HP: 9/40 MP: 3/3
  1679 | D:2      | Reached skill level 4 in Maces & Flails
  1705 | D:3      | Reached XP level 5. HP: 30/46 MP: 4/4
  1760 | D:3      | Reached skill level 1 in Dodging
  2536 | D:4      | You fall into a shaft and drop 3 floors!
  2598 | D:7      | Reached skill level 5 in Maces & Flails
  2598 | D:7      | Reached XP level 6. HP: 36/55 MP: 5/5
  2751 | D:7      | Noticed a steam dragon
  2766 | D:7      | Killed a steam dragon
  2767 | D:7      | Reached skill level 6 in Maces & Flails
  2767 | D:7      | Reached skill level 5 in Armour
  2767 | D:7      | Reached XP level 7. HP: 16/61 MP: 6/6
  2859 | D:7      | Found a flagged portal.
  2882 | D:7      | Reached skill level 7 in Maces & Flails
  2919 | Bailey   | Entered a bailey
  2960 | Bailey   | HP: 1/61 [orc warrior/+0 glaive (4)]
  2973 | Bailey   | Slain by an orc warrior

Illustrated notes

Levels and vault maps discovered:
D:1:      amcnicky_arrival_choice, layout_basic,
          hellmonk_ecumenical_altar_blasted
D:2:      layout_loops_ring, minmay_pentomino_s4, uniq_robin
D:3:      minmay_chambers_of_threes, layout_basic
D:4:      layout_basic, lemuel_coloured_pillars_altar,
          nicolae_ossuary_entry_catacombs, gammafunk_ghost_split,
          uniq_eustachio, uniq_edmund, uniq_sigmund
D:7:      layout_rooms, enter_bailey_6, minivault_5
Bailey:   bailey_polearm_elven_captive_hellmonk, bailey

Skill      XL: |  1  2  3  4  5  6  7 |
---------------+----------------------+-----
Maces & Flails | 3 4 5 6 7 |  7.2
Armour         | 4 5 |  5.5
Dodging        | 1 |  1.8
Shields        | 4 |  4.6
Fighting       | |  2.6

Action                   |  1- 3 |  4- 6 |  7- 9 || total
-------------------------+-------+-------+-------++-------
Melee: Flail             |   107 |   182 |    45 ||   334
 Abil: Heal Wounds       |     3 |     3 |     6 ||    12
  Use: Scroll            |     1 |     4 |       ||     5
       Potion            |     1 |       |       ||     1
Armor: Scale mail        |    71 |    54 |       ||   125
       Chain mail        |       |    30 |    30 ||    60
Dodge: Dodged            |    53 |    90 |    42 ||   185
Block: Buckler           |    31 |    55 |    27 ||   113
